| TOP OF THE 1ST |
|
Manchester Fisher Cats batting - Pitching for Pittsfield Colonials : RHP Dave Stieb
|
|
Pitching: RHP Dave Stieb
|
|
|
Batting: SHB Danny Hernandez
|
0-0: Ground out 3-1 (Groundball, 34S, EV 85.6 MPH)
|
|
Batting: LHB Tim Derryberry
|
0-0: Ball 1-0: Foul Ball, location: 2F 1-1: Ball 2-1: DOUBLE (Line Drive, 78XD, EV 110.0 MPH)
|
|
Batting: LHB Jessie Reid
|
0-0: Ball 1-0: Ground out U3 (Groundball, 34S, EV 86.3 MPH) Tim Derryberry to third
|
|
Batting: LHB Herbert Orensky
|
0-0: Ball 1-0: Ball 2-0: Ball 3-0: Base on Balls
|
|
Batting: LHB Steve Hammond
|
0-0: Fly out, F8 (Flyball, 89M, EV 85.6 MPH)
|
| Top of the 1st over - 0 runs, 1 hit, 0 errors, 2 left on base; Manchester 0 - Pittsfield 0 |
| BOTTOM OF THE 1ST |
|
Pittsfield Colonials batting - Pitching for Manchester Fisher Cats : RHP Allen Morlock
|
|
Pitching: RHP Allen Morlock
|
|
|
Batting: SHB Mitch Webster
|
0-0: Foul Ball, location: 2F 0-1: Ball 1-1: Foul Ball, location: 2F 1-2: Ball 2-2: Foul Ball, location: 2F 2-2: Ball 3-2: Foul Ball, location: 2F 3-2: Foul Ball, location: 2F 3-2: Strikes out swinging
|
|
Batting: SHB David Enos
|
0-0: Swinging Strike 0-1: Called Strike 0-2: Strikes out swinging
|
|
Batting: RHB Shawon Dunston
|
0-0: Foul Ball, location: 2F 0-1: SINGLE (Groundball, 6MS, EV 75.0 MPH) (infield hit)
|
|
Batting: SHB Mark Gilbert
|
0-0: Ball 1-0: Ball 2-0: Ground out 3-1 (Groundball, 13, EV 86.9 MPH)
|
| Bottom of the 1st over - 0 runs, 1 hit, 0 errors, 1 left on base; Manchester 0 - Pittsfield 0 |
| TOP OF THE 2ND |
|
Manchester Fisher Cats batting - Pitching for Pittsfield Colonials : RHP Dave Stieb
|
|
Batting: RHB Kevin Darst
|
0-0: Called Strike 0-1: Ball 1-1: Ball 2-1: Called Strike 2-2: Strikes out looking
|
|
Batting: RHB Tony Stevens
|
0-0: Foul Ball, location: 2F 0-1: Swinging Strike 0-2: Ball 1-2: Foul Ball, location: 2F 1-2: Ball 2-2: Ball 3-2: SINGLE (Line Drive, 3D, EV 100.6 MPH)
|
|
Batting: RHB Randy Johnson
|
0-0: Ball 1-0: Ball 2-0: Ball 3-0: Base on Balls Tony Stevens to second
|
|
Batting: RHB Reymundo Estevez
|
0-0: Foul Ball, location: 2F 0-1: Ball 1-1: Fly out, F9 (Flyball, 9D, EV 108.1 MPH) Runner from 2nd tags up, SAFE at 3rd, no throw by RF
|
|
Batting: SHB Danny Hernandez
|
0-0: Foul Ball, location: 2F 0-1: Ball 1-1: Swinging Strike 1-2: Foul Ball, location: 2F 1-2: SINGLE (Groundball, 34D, EV 99.4 MPH) Tony Stevens scores Randy Johnson to second Runner from 2nd tries for 3rd, SAFE, throw by RF made to third
|
|
Batting: LHB Tim Derryberry
|
0-0: Called Strike 0-1: Called Strike 0-2: SINGLE (Groundball, 3D, EV 110.6 MPH) Randy Johnson scores Danny Hernandez to second Runner from 2nd tries for 3rd, OUT! 9-5
|
| Top of the 2nd over - 2 runs, 3 hits, 0 errors, 1 left on base; Manchester 2 - Pittsfield 0 |
| BOTTOM OF THE 2ND |
|
Pittsfield Colonials batting - Pitching for Manchester Fisher Cats : RHP Allen Morlock
|
|
Batting: RHB Mike Brewer
|
0-0: Called Strike 0-1: Ball 1-1: Called Strike 1-2: Ball 2-2: Foul Ball, location: 2F 2-2: Foul Ball, location: 2F 2-2: Strikes out swinging
|
|
Batting: LHB Armando Ortiz
|
0-0: Foul Ball, location: 2F 0-1: Ball 1-1: Ball 2-1: Ball 3-1: Base on Balls
|
|
Batting: RHB Steven Ramler
|
0-0: Foul Ball, location: 2F 0-1: Swinging Strike 0-2: Ball 1-2: Foul Ball, location: 2F 1-2: Strikes out swinging
|
|
Batting: RHB Fernando Marin
|
0-0: Ball 1-0: SINGLE (Flyball, 34D, EV 93.8 MPH) Armando Ortiz to second Runner from 2nd tries for 3rd, SAFE, throw by RF made to third
|
|
Batting: RHB Juan Castro
|
0-0: Ball 1-0: Ground out U3 (Groundball, 34S, EV 81.9 MPH)
|
| Bottom of the 2nd over - 0 runs, 1 hit, 0 errors, 2 left on base; Manchester 2 - Pittsfield 0 |
| TOP OF THE 3RD |
|
Manchester Fisher Cats batting - Pitching for Pittsfield Colonials : RHP Dave Stieb
|
|
Batting: LHB Jessie Reid
|
0-0: Called Strike 0-1: Ball 1-1: Fly out, F7 (Flyball, 7D, EV 96.9 MPH)
|
|
Batting: LHB Herbert Orensky
|
0-0: Ball 1-0: Swinging Strike 1-1: Foul Ball, location: 2F 1-2: Ball 2-2: Ground out 6-3 (Groundball, 6, EV 90.0 MPH)
|
|
Batting: LHB Steve Hammond
|
0-0: Swinging Strike 0-1: Ball 1-1: Ball 2-1: Called Strike 2-2: Strikes out swinging
|
| Top of the 3rd over - 0 runs, 0 hits, 0 errors, 0 left on base; Manchester 2 - Pittsfield 0 |
| BOTTOM OF THE 3RD |
|
Pittsfield Colonials batting - Pitching for Manchester Fisher Cats : RHP Allen Morlock
|
|
Batting: SHB Mitch Webster
|
0-0: Ball 1-0: SINGLE (Groundball, 6MD, EV 103.8 MPH)
|
|
Batting: SHB David Enos
|
0-0: Fly out, F9 (Flyball, 89S, EV 83.1 MPH)
|
|
Batting: RHB Shawon Dunston
|
0-0: Ball Mitch Webster is caught stealing 2nd base 2-4 1-0: Called Strike 1-1: Called Strike 1-2: Ball 2-2: Ball 3-2: SINGLE (Line Drive, 8RM, EV 91.3 MPH)
|
|
Batting: SHB Mark Gilbert
|
0-0: Ball Pickoff Throw by Catcher to First - Out!
|
| Bottom of the 3rd over - 0 runs, 2 hits, 0 errors, 0 left on base; Manchester 2 - Pittsfield 0 |
| TOP OF THE 4TH |
|
Manchester Fisher Cats batting - Pitching for Pittsfield Colonials : RHP Dave Stieb
|
|
Batting: RHB Kevin Darst
|
0-0: Called Strike 0-1: Ball 1-1: Foul Ball, location: 2F 1-2: Strikes out swinging
|
|
Batting: RHB Tony Stevens
|
0-0: Ball 1-0: Ball 2-0: Ball 3-0: Base on Balls
|
|
Batting: RHB Randy Johnson
|
0-0: Ball 1-0: Called Strike 1-1: Foul Ball, location: 2F 1-2: SINGLE (Line Drive, 9LS, EV 85.0 MPH) Tony Stevens to second Runner from 2nd tries for 3rd, OUT! 9-5
|
|
Batting: RHB Reymundo Estevez
|
0-0: Ball 1-0: Ball 2-0: Ball 3-0: Called Strike 3-1: Foul Ball, location: 2F 3-2: SINGLE (Line Drive, 6MD, EV 97.5 MPH) Randy Johnson to second Randy Johnson to third
|
|
Batting: SHB Danny Hernandez
|
0-0: Ball 1-0: Called Strike 1-1: SINGLE (Groundball, 34S, EV 71.3 MPH) (infield hit) Randy Johnson scores Reymundo Estevez to second
|
|
Batting: LHB Tim Derryberry
|
0-0: Ball 1-0: 3-RUN HOME RUN (Flyball, 89XD, EV 97.5 MPH), Distance : 438 ft
|
|
Pitching: LHP Jackie Smith
|
|
|
Batting: LHB Jessie Reid
|
0-0: Ground out 6-3 (Groundball, 6M, EV 86.3 MPH)
|
| Top of the 4th over - 4 runs, 4 hits, 0 errors, 0 left on base; Manchester 6 - Pittsfield 0 |
| BOTTOM OF THE 4TH |
|
Pittsfield Colonials batting - Pitching for Manchester Fisher Cats : RHP Allen Morlock
|
|
Batting: SHB Mark Gilbert
|
0-0: Called Strike 0-1: Foul Ball, location: 2F 0-2: SOLO HOME RUN (Flyball, 9D, EV 90.0 MPH), Distance : 372 ft
|
|
Batting: RHB Mike Brewer
|
0-0: Called Strike 0-1: Swinging Strike 0-2: Strikes out swinging
|
|
Batting: LHB Armando Ortiz
|
0-0: Ball 1-0: Ball 2-0: Ground out 3-1 (Groundball, 34S, EV 70.6 MPH)
|
|
Batting: RHB Steven Ramler
|
0-0: Fly out, F7 (Flyball, 78D, EV 90.6 MPH)
|
| Bottom of the 4th over - 1 run, 1 hit, 0 errors, 0 left on base; Manchester 6 - Pittsfield 1 |
| TOP OF THE 5TH |
|
Manchester Fisher Cats batting - Pitching for Pittsfield Colonials : LHP Jackie Smith
|
|
Batting: LHB Herbert Orensky
|
0-0: Ball 1-0: Called Strike 1-1: Swinging Strike 1-2: DOUBLE (Line Drive, 9LS, EV 110.6 MPH)
|
|
Batting: LHB Steve Hammond
|
0-0: Ball 1-0: Ball 2-0: Swinging Strike 2-1: Foul Ball, location: 2F 2-2: Foul Ball, location: 2F 2-2: Foul Ball, location: 2F 2-2: DOUBLE (Flyball, 8LXD, EV 94.4 MPH) Herbert Orensky scores
|
|
Batting: RHB Kevin Darst
|
0-0: Called Strike 0-1: Foul Ball, location: 2F 0-2: Ground out 5-3 (Groundball, 56S, EV 83.8 MPH)
|
|
Batting: RHB Tony Stevens
|
0-0: Ball 1-0: Called Strike 1-1: SINGLE (Groundball, 6MD, EV 94.4 MPH) Steve Hammond to third Runner from 3rd tries for Home, throw by CF and OUT! 8-2 Tony Stevens to second
|
|
Batting: RHB Randy Johnson
|
0-0: Ball 1-0: Ball 2-0: Foul Ball, location: 2F 2-1: Ball 3-1: SINGLE (Line Drive, 3D, EV 96.3 MPH) Tony Stevens to third Runner from 3rd tries for Home, SAFE, throw by RF to home Randy Johnson to second
|
|
Batting: RHB Reymundo Estevez
|
0-0: Ball 1-0: Ground out 6-3 (Groundball, 6, EV 85.0 MPH)
|
| Top of the 5th over - 2 runs, 4 hits, 0 errors, 1 left on base; Manchester 8 - Pittsfield 1 |
| BOTTOM OF THE 5TH |
|
Pittsfield Colonials batting - Pitching for Manchester Fisher Cats : RHP Allen Morlock
|
|
Batting: RHB Fernando Marin
|
0-0: Swinging Strike 0-1: Called Strike 0-2: Ball 1-2: Strikes out swinging
|
|
Batting: RHB Juan Castro
|
0-0: Ball 1-0: Ball 2-0: Fly out, F8 (Flyball, 8LM, EV 76.3 MPH)
|
|
Batting: SHB Mitch Webster
|
0-0: Ball 1-0: Called Strike 1-1: Ball 2-1: Foul Ball, location: 2F 2-2: Ball 3-2: Fly out, F7 (Flyball, 78S, EV 81.3 MPH)
|
| Bottom of the 5th over - 0 runs, 0 hits, 0 errors, 0 left on base; Manchester 8 - Pittsfield 1 |
| TOP OF THE 6TH |
|
Manchester Fisher Cats batting - Pitching for Pittsfield Colonials : LHP Jackie Smith
|
|
Batting: SHB Danny Hernandez
|
0-0: Called Strike 0-1: Called Strike 0-2: Ball 1-2: Strikes out looking
|
|
Batting: LHB Tim Derryberry
|
0-0: Ball 1-0: Foul Ball, location: 2F 1-1: Swinging Strike 1-2: Foul Ball, location: 2F 1-2: Strikes out swinging
|
|
Batting: LHB Jessie Reid
|
0-0: Ball 1-0: Called Strike 1-1: Swinging Strike 1-2: Strikes out swinging
|
| Top of the 6th over - 0 runs, 0 hits, 0 errors, 0 left on base; Manchester 8 - Pittsfield 1 |
| BOTTOM OF THE 6TH |
|
Pittsfield Colonials batting - Pitching for Manchester Fisher Cats : RHP Allen Morlock
|
|
Batting: SHB David Enos
|
0-0: Foul Ball, location: 2F 0-1: Ball 1-1: Called Strike 1-2: Foul Ball, location: 2F 1-2: Foul Ball, location: 2F 1-2: Strikes out swinging
|
|
Batting: RHB Shawon Dunston
|
0-0: Fly out, F9 (Flyball, 9LM, EV 90.6 MPH)
|
|
Batting: SHB Mark Gilbert
|
0-0: Called Strike 0-1: Ball 1-1: Swinging Strike 1-2: Ball 2-2: Ball 3-2: Base on Balls
|
|
Batting: RHB Mike Brewer
|
0-0: Ball 1-0: Ball 2-0: Called Strike 2-1: Fly out, F8 (Flyball, 8RM, EV 78.8 MPH)
|
| Bottom of the 6th over - 0 runs, 0 hits, 0 errors, 1 left on base; Manchester 8 - Pittsfield 1 |
| TOP OF THE 7TH |
|
Manchester Fisher Cats batting - Pitching for Pittsfield Colonials : LHP Jackie Smith
|
|
Batting: LHB Herbert Orensky
|
0-0: Called Strike 0-1: Foul Ball, location: 2F 0-2: Strikes out looking
|
|
Pinch Hitting: RHB Paul Croft
|
0-0: Fly out, F2 (Popup, 23F, EV 85.0 MPH)
|
|
Batting: RHB Kevin Darst
|
0-0: Ground out 5-3 (Groundball, 56, EV 78.1 MPH)
|
| Top of the 7th over - 0 runs, 0 hits, 0 errors, 0 left on base; Manchester 8 - Pittsfield 1 |
| BOTTOM OF THE 7TH |
|
Pittsfield Colonials batting - Pitching for Manchester Fisher Cats : RHP Allen Morlock
|
|
Now in CF: Paul Croft
|
|
|
Batting: LHB Armando Ortiz
|
0-0: Called Strike 0-1: Ball 1-1: SOLO HOME RUN (Flyball, 89XD, EV 101.3 MPH), Distance : 397 ft
|
|
Batting: RHB Steven Ramler
|
0-0: Ball 1-0: Ball 2-0: Ground out 6-3 (Groundball, 6M, EV 89.4 MPH)
|
|
Batting: RHB Fernando Marin
|
0-0: Ball 1-0: Ball 2-0: Ball 3-0: Base on Balls
|
|
Batting: RHB Juan Castro
|
0-0: Ball 1-0: Called Strike 1-1: Foul Ball, location: 2F 1-2: Fielders Choice at 2nd, 4-6 (Groundball, 4, EV 84.4 MPH)
|
|
Batting: SHB Mitch Webster
|
0-0: Fly out, F8 (Line Drive, 8RM, EV 94.4 MPH)
|
| Bottom of the 7th over - 1 run, 1 hit, 0 errors, 1 left on base; Manchester 8 - Pittsfield 2 |
| TOP OF THE 8TH |
|
Manchester Fisher Cats batting - Pitching for Pittsfield Colonials : LHP Jackie Smith
|
|
Batting: RHB Tony Stevens
|
0-0: Ball 1-0: Swinging Strike 1-1: Ball 2-1: Ball 3-1: Base on Balls
|
|
Batting: RHB Randy Johnson
|
0-0: Ball 1-0: Foul Ball, location: 2F 1-1: Ball 2-1: Foul Ball, location: 2F 2-2: Strikes out looking
|
|
Batting: RHB Reymundo Estevez
|
0-0: Ball Tony Stevens is caught stealing 2nd base 2-4 1-0: Fly out, F9 (Flyball, 9D, EV 91.3 MPH)
|
| Top of the 8th over - 0 runs, 0 hits, 0 errors, 0 left on base; Manchester 8 - Pittsfield 2 |
| BOTTOM OF THE 8TH |
|
Pittsfield Colonials batting - Pitching for Manchester Fisher Cats : RHP Allen Morlock
|
|
Batting: SHB David Enos
|
0-0: Called Strike 0-1: Foul Ball, location: 2F 0-2: Ball 1-2: Foul Ball, location: 2F 1-2: Foul Ball, location: 2F 1-2: Ground out 1-3 (Groundball, 13S, EV 70.0 MPH)
|
|
Batting: RHB Shawon Dunston
|
0-0: Called Strike 0-1: Fly out, F4 (Popup, 34S, EV 85.6 MPH)
|
|
Batting: SHB Mark Gilbert
|
0-0: Foul Ball, location: 2F 0-1: Foul Ball, location: 2F 0-2: Strikes out swinging
|
| Bottom of the 8th over - 0 runs, 0 hits, 0 errors, 0 left on base; Manchester 8 - Pittsfield 2 |
| TOP OF THE 9TH |
|
Manchester Fisher Cats batting - Pitching for Pittsfield Colonials : LHP Jackie Smith
|
|
Pitching: LHP Newt Box
|
|
|
Batting: SHB Danny Hernandez
|
0-0: Called Strike 0-1: Ground out 3-1 (Groundball, 34S, EV 73.1 MPH)
|
|
Batting: LHB Tim Derryberry
|
0-0: Ball 1-0: Called Strike 1-1: SOLO HOME RUN (Flyball, 89XD, EV 112.5 MPH), Distance : 420 ft
|
|
Pinch Hitting: LHB Mike Ciampa
|
0-0: Ball 1-0: Swinging Strike 1-1: Hit by Pitch
|
|
Batting: LHB Herbert Orensky
|
0-0: Foul Ball, location: 2F 0-1: Ball 1-1: Ball 2-1: Foul Ball, location: 2F 2-2: Strikes out swinging
|
|
Batting: RHB Paul Croft
|
0-0: Called Strike 0-1: SINGLE (Groundball, 56D, EV 78.1 MPH) (infield hit) Mike Ciampa to second
|
|
Batting: RHB Kevin Darst
|
0-0: Ball 1-0: Swinging Strike 1-1: Ball 2-1: Called Strike 2-2: SINGLE (Line Drive, 89S, EV 97.5 MPH) Mike Ciampa to third Paul Croft to second Runner from 3rd tries for Home, SAFE, throw by RF to home
|
|
Batting: RHB Tony Stevens
|
0-0: Ball 1-0: Ball 2-0: Ball 3-0: Called Strike 3-1: Base on Balls Paul Croft to third Kevin Darst to second
|
|
Batting: RHB Randy Johnson
|
0-0: Ball 1-0: Ground out U3 (Groundball, 34, EV 90.6 MPH)
|
| Top of the 9th over - 2 runs, 3 hits, 0 errors, 3 left on base; Manchester 10 - Pittsfield 2 |
| BOTTOM OF THE 9TH |
|
Pittsfield Colonials batting - Pitching for Manchester Fisher Cats : RHP Allen Morlock
|
|
Pitching: RHP Keith Creel
|
|
|
Now in RF: Mel Hall
|
|
|
Pinch Hitting: LHB Brad Hawkins
|
0-0: Ball 1-0: Fly out, F7 (Flyball, 7D, EV 99.4 MPH)
|
|
Batting: LHB Armando Ortiz
|
0-0: Swinging Strike 0-1: Ball 1-1: Ball 2-1: Ball 3-1: Base on Balls
|
|
Pinch Hitting: SHB Kevin Jensen
|
0-0: Swinging Strike 0-1: Swinging Strike 0-2: Strikes out swinging
|
|
Batting: RHB Fernando Marin
|
0-0: Ball 1-0: Ball 2-0: Ball 3-0: Called Strike 3-1: Called Strike 3-2: Base on Balls Armando Ortiz to second
|
|
Pinch Hitting: SHB Allan Wilkerson
|
0-0: Called Strike 0-1: Ball 1-1: Ground out 4-3 (Groundball, 4, EV 90.6 MPH)
|
| Bottom of the 9th over - 0 runs, 0 hits, 0 errors, 2 left on base; Manchester 10 - Pittsfield 2 |
|